| TOP OF THE 1ST |
|
San Francisco (APP) Giants batting - Pitching for Billings Mustangs : RHP Ryan Krause
|
|
Pitching: RHP Ryan Krause
|
|
|
Batting: RHB Sean Gilbert
|
0-0: Swinging Strike 0-1: Ball 1-1: Swinging Strike 1-2: Strikes out looking
|
|
Batting: SHB Michael Woodard
|
0-0: Called Strike 0-1: Ball 1-1: Swinging Strike 1-2: Foul Ball, location: 2F 1-2: Foul Ball, location: 2F 1-2: Strikes out swinging
|
|
Batting: RHB Jonathan Hemsley
|
0-0: Ball 1-0: Foul Ball, location: 2F 1-1: Swinging Strike 1-2: Ball 2-2: Strikes out swinging
|
| Top of the 1st over - 0 runs, 0 hits, 0 errors, 0 left on base; San Francisco (APP) 0 - Billings 0 |
| BOTTOM OF THE 1ST |
|
Billings Mustangs batting - Pitching for San Francisco (APP) Giants : LHP Ken Cromsie
|
|
Pitching: LHP Ken Cromsie
|
|
|
Batting: RHB Alex de Leon
|
0-0: Foul Ball, location: 2F 0-1: Ball 1-1: Foul Ball, location: 2F 1-2: Ball 2-2: SINGLE (Flyball, 4MD, EV 85.6 MPH)
|
|
Batting: SHB Jaivata Mohanty
|
0-0: Ball Alex de Leon steals 2nd base 1-0: Ball 2-0: Called Strike 2-1: Foul Ball, location: 2F 2-2: Ball Passed Ball! Alex de Leon to third 3-2: Fly out, F9 (Flyball, 9, EV 90.6 MPH) Runner from 3rd tags up, SCORES, throw by RF
|
|
Batting: RHB Chris Christaldi
|
0-0: Ball 1-0: Foul Ball, location: 2F 1-1: Ball 2-1: Ball 3-1: Base on Balls
|
|
Batting: SHB David Garnica
|
0-0: Foul Ball, location: 2F 0-1: Ball 1-1: Called Strike 1-2: Foul Ball, location: 2F 1-2: SINGLE (Line Drive, 3D, EV 111.2 MPH) Chris Christaldi to second
|
|
Batting: RHB Gabriel Arias
|
0-0: Ball Wild Pitch! Chris Christaldi to third David Garnica to second 1-0: Foul Ball, location: 2F 1-1: Foul Ball, location: 2F 1-2: Ball 2-2: Ball 3-2: Ground out 4-3 (Groundball, 34, EV 81.9 MPH) Chris Christaldi scores David Garnica to third
|
|
Batting: SHB Gustavo Froio
|
0-0: Fly out, F7 (Flyball, 78S, EV 86.2 MPH)
|
| Bottom of the 1st over - 2 runs, 2 hits, 0 errors, 1 left on base; San Francisco (APP) 0 - Billings 2 |
| TOP OF THE 2ND |
|
San Francisco (APP) Giants batting - Pitching for Billings Mustangs : RHP Ryan Krause
|
|
Batting: RHB Rúbem Trancoso
|
0-0: Ball 1-0: Ground out 6-3 (Groundball, 6S, EV 80.6 MPH)
|
|
Batting: SHB Russ Hudson
|
0-0: Ball 1-0: SINGLE (Groundball, 56D, EV 98.1 MPH)
|
|
Batting: RHB Edward Jones
|
0-0: Fly out, F9 (Flyball, 89M, EV 76.2 MPH)
|
|
Batting: RHB James Jenkins
|
0-0: DOUBLE (Line Drive, 9LM, EV 98.1 MPH) Russ Hudson to third
|
|
Batting: RHB Danny Estrada
|
0-0: Ball 1-0: Called Strike 1-1: Foul Ball, location: 2F 1-2: Ball 2-2: Strikes out swinging
|
| Top of the 2nd over - 0 runs, 2 hits, 0 errors, 2 left on base; San Francisco (APP) 0 - Billings 2 |
| BOTTOM OF THE 2ND |
|
Billings Mustangs batting - Pitching for San Francisco (APP) Giants : LHP Ken Cromsie
|
|
Batting: RHB Omar Garce
|
0-0: Called Strike 0-1: Foul Ball, location: 2F 0-2: Ball 1-2: SOLO HOME RUN (Flyball, 9LD, EV 98.1 MPH), Distance : 363 ft
|
|
Batting: LHB Alex Ramos
|
0-0: Called Strike 0-1: Ball 1-1: DOUBLE (Line Drive, 5D, EV 98.8 MPH)
|
|
Batting: RHB Will Trudeau
|
0-0: Called Strike 0-1: Ball 1-1: Ball Passed Ball! Alex Ramos to third Balk! Alex Ramos scores 2-1: Foul Ball, location: 2F 2-2: Ground out 1-3 (Groundball, P, EV 71.2 MPH)
|
|
Batting: RHB Alex de Leon
|
0-0: Reached on error, E3 (Groundball, 34, EV 101.2 MPH)
|
|
Batting: SHB Jaivata Mohanty
|
0-0: Called Strike Alex de Leon steals 2nd, throwing error, E2 Alex de Leon to third 0-1: Foul Ball, location: 2F 0-2: Foul Ball, location: 2F 0-2: Ball Passed Ball! Alex de Leon scores 1-2: Ball 2-2: Foul Ball, location: 2F 2-2: Foul Ball, location: 2F 2-2: Ball 3-2: Foul Ball, location: 2F 3-2: Base on Balls
|
|
Batting: RHB Chris Christaldi
|
0-0: Ball 1-0: Ball Passed Ball! Jaivata Mohanty to second 2-0: Called Strike 2-1: Ground out 6-3 (Groundball, 6, EV 104.4 MPH)
|
|
Batting: SHB David Garnica
|
0-0: Foul Ball, location: 2F 0-1: Ball 1-1: Ball 2-1: Foul Ball, location: 2F 2-2: Ball 3-2: Ground out 4-3 (Groundball, 34, EV 81.9 MPH)
|
| Bottom of the 2nd over - 3 runs, 2 hits, 2 errors, 1 left on base; San Francisco (APP) 0 - Billings 5 |
| TOP OF THE 3RD |
|
San Francisco (APP) Giants batting - Pitching for Billings Mustangs : RHP Ryan Krause
|
|
Batting: LHB Randy Monaco
|
0-0: Foul Ball, location: 2F 0-1: Called Strike 0-2: Ball 1-2: Ball 2-2: Strikes out swinging
|
|
Batting: RHB Sean Gilbert
|
0-0: Fly out, F9 (Flyball, 9LD, EV 93.1 MPH)
|
|
Batting: SHB Michael Woodard
|
0-0: Called Strike 0-1: Swinging Strike 0-2: Ball 1-2: Ball 2-2: Ball 3-2: Strikes out swinging
|
| Top of the 3rd over - 0 runs, 0 hits, 0 errors, 0 left on base; San Francisco (APP) 0 - Billings 5 |
| BOTTOM OF THE 3RD |
|
Billings Mustangs batting - Pitching for San Francisco (APP) Giants : LHP Ken Cromsie
|
|
Batting: RHB Gabriel Arias
|
0-0: Called Strike 0-1: Called Strike 0-2: Strikes out looking
|
|
Batting: SHB Gustavo Froio
|
0-0: Hit by Pitch
|
|
Batting: RHB Omar Garce
|
0-0: Called Strike 0-1: Called Strike 0-2: Fly out, F8 (Line Drive, 8RM, EV 95.0 MPH)
|
|
Batting: LHB Alex Ramos
|
0-0: Fly out, F9 (Flyball, 9S, EV 88.8 MPH)
|
| Bottom of the 3rd over - 0 runs, 0 hits, 0 errors, 1 left on base; San Francisco (APP) 0 - Billings 5 |
| TOP OF THE 4TH |
|
San Francisco (APP) Giants batting - Pitching for Billings Mustangs : RHP Ryan Krause
|
|
Batting: RHB Jonathan Hemsley
|
0-0: Ball 1-0: Ball 2-0: Ball 3-0: Called Strike 3-1: Base on Balls
|
|
Batting: RHB Rúbem Trancoso
|
0-0: Ball 1-0: Called Strike 1-1: Foul Ball, location: 2F 1-2: Foul Ball, location: 2F 1-2: Strikes out swinging Jonathan Hemsley is caught stealing 2nd base 2-4 Batter strikes out.
|
|
Batting: SHB Russ Hudson
|
0-0: Ball 1-0: Ball 2-0: Ball 3-0: Called Strike 3-1: Foul Ball, location: 2F 3-2: Strikes out swinging
|
| Top of the 4th over - 0 runs, 0 hits, 0 errors, 0 left on base; San Francisco (APP) 0 - Billings 5 |
| BOTTOM OF THE 4TH |
|
Billings Mustangs batting - Pitching for San Francisco (APP) Giants : LHP Ken Cromsie
|
|
Batting: RHB Will Trudeau
|
0-0: Called Strike 0-1: Ball 1-1: Ball 2-1: Swinging Strike 2-2: Ball 3-2: Base on Balls
|
|
Batting: RHB Alex de Leon
|
0-0: Foul Ball, location: 2F 0-1: Fielders Choice at 2nd, 5-4 (Groundball, 56S, EV 85.6 MPH)
|
|
Batting: SHB Jaivata Mohanty
|
0-0: Called Strike Alex de Leon steals 2nd base 0-1: Foul Ball, location: 2F 0-2: Strikes out swinging
|
|
Batting: RHB Chris Christaldi
|
0-0: Ball Passed Ball! Alex de Leon to third 1-0: Ball Wild Pitch! Alex de Leon scores 2-0: Ball 3-0: Called Strike 3-1: Base on Balls
|
|
Batting: SHB David Garnica
|
0-0: Ball 1-0: Called Strike 1-1: Ball Passed Ball! Chris Christaldi to second 2-1: Foul Ball, location: 2F 2-2: DOUBLE (Flyball, 8RXD, EV 99.4 MPH) Chris Christaldi scores
|
|
Pitching: RHP Jerry Schlaak
|
|
|
Batting: RHB Gabriel Arias
|
0-0: Ball 1-0: Ground out 1-3 (Groundball, 34S, EV 68.8 MPH)
|
| Bottom of the 4th over - 2 runs, 1 hit, 0 errors, 1 left on base; San Francisco (APP) 0 - Billings 7 |
| TOP OF THE 5TH |
|
San Francisco (APP) Giants batting - Pitching for Billings Mustangs : RHP Ryan Krause
|
|
Batting: RHB Edward Jones
|
0-0: Called Strike 0-1: Called Strike 0-2: Ball 1-2: Foul Ball, location: 2F 1-2: Ball 2-2: Foul Ball, location: 2F 2-2: Strikes out looking
|
|
Batting: RHB James Jenkins
|
0-0: Ball 1-0: Ball 2-0: Ground out U3 (Groundball, 34S, EV 81.9 MPH)
|
|
Batting: RHB Danny Estrada
|
0-0: Called Strike 0-1: Foul Ball, location: 2F 0-2: Strikes out swinging
|
| Top of the 5th over - 0 runs, 0 hits, 0 errors, 0 left on base; San Francisco (APP) 0 - Billings 7 |
| BOTTOM OF THE 5TH |
|
Billings Mustangs batting - Pitching for San Francisco (APP) Giants : RHP Jerry Schlaak
|
|
Batting: SHB Gustavo Froio
|
0-0: Fly out, F8 (Flyball, 8LM, EV 91.2 MPH)
|
|
Batting: RHB Omar Garce
|
0-0: Ball 1-0: Ball 2-0: DOUBLE (Flyball, 8LXD, EV 96.9 MPH)
|
|
Batting: LHB Alex Ramos
|
0-0: Foul Ball, location: 2F 0-1: Ball 1-1: Ball Wild Pitch! Omar Garce to third 2-1: 2-RUN HOME RUN (Flyball, 78XD, EV 113.8 MPH), Distance : 426 ft
|
|
Batting: RHB Will Trudeau
|
0-0: Ball 1-0: Called Strike 1-1: Ball 2-1: Ground out 4-3 (Groundball, 4MS, EV 86.2 MPH)
|
|
Batting: RHB Alex de Leon
|
0-0: Foul Ball, location: 2F 0-1: Called Strike 0-2: SOLO HOME RUN (Line Drive, 89XD, EV 103.1 MPH), Distance : 408 ft
|
|
Batting: SHB Jaivata Mohanty
|
0-0: Swinging Strike 0-1: SOLO HOME RUN (Flyball, 9LD, EV 96.9 MPH), Distance : 366 ft
|
|
Pitching: RHP Newt Reid
|
|
|
Batting: RHB Chris Christaldi
|
0-0: Ball 1-0: Ball 2-0: Ball 3-0: Base on Balls
|
|
Batting: SHB David Garnica
|
0-0: Ball Passed Ball! Chris Christaldi to second 1-0: Ball 2-0: Ball 3-0: Base on Balls
|
|
Batting: RHB Gabriel Arias
|
0-0: Fly out, F7 (Flyball, 7LM, EV 88.8 MPH)
|
| Bottom of the 5th over - 4 runs, 4 hits, 0 errors, 2 left on base; San Francisco (APP) 0 - Billings 11 |
| TOP OF THE 6TH |
|
San Francisco (APP) Giants batting - Pitching for Billings Mustangs : RHP Ryan Krause
|
|
Batting: LHB Randy Monaco
|
0-0: Ball 1-0: Ball 2-0: Called Strike 2-1: Swinging Strike 2-2: Foul Ball, location: 2F 2-2: Ball 3-2: Strikes out swinging
|
|
Batting: RHB Sean Gilbert
|
0-0: Called Strike 0-1: Swinging Strike 0-2: Ball 1-2: Ground out 5-3 (Groundball, 56S, EV 87.5 MPH)
|
|
Batting: SHB Michael Woodard
|
0-0: Foul Ball, location: 2F 0-1: Fly out, F7 (Line Drive, 7, EV 103.8 MPH)
|
| Top of the 6th over - 0 runs, 0 hits, 0 errors, 0 left on base; San Francisco (APP) 0 - Billings 11 |
| BOTTOM OF THE 6TH |
|
Billings Mustangs batting - Pitching for San Francisco (APP) Giants : RHP Newt Reid
|
|
Batting: SHB Gustavo Froio
|
0-0: Called Strike 0-1: Ball 1-1: Foul Ball, location: 2F 1-2: Ball 2-2: Strikes out swinging
|
|
Batting: RHB Omar Garce
|
0-0: Ball 1-0: Swinging Strike 1-1: Ball 2-1: Called Strike 2-2: Foul Ball, location: 2F 2-2: Ground out 5-3 (Groundball, 56S, EV 89.4 MPH)
|
|
Pitching: RHP Sam Green
|
|
|
Batting: LHB Alex Ramos
|
0-0: Swinging Strike 0-1: Called Strike 0-2: SINGLE (Groundball, 6, EV 94.4 MPH)
|
|
Batting: RHB Will Trudeau
|
0-0: Ball Passed Ball! Alex Ramos to second 1-0: Ball 2-0: Foul Ball, location: 2F 2-1: Ground out U3 (Groundball, 34S, EV 86.2 MPH)
|
| Bottom of the 6th over - 0 runs, 1 hit, 0 errors, 1 left on base; San Francisco (APP) 0 - Billings 11 |
| TOP OF THE 7TH |
|
San Francisco (APP) Giants batting - Pitching for Billings Mustangs : RHP Ryan Krause
|
|
Batting: RHB Jonathan Hemsley
|
0-0: Ball 1-0: Fly out, F7 (Line Drive, 78M, EV 93.1 MPH)
|
|
Batting: RHB Rúbem Trancoso
|
0-0: Foul Ball, location: 2F 0-1: Foul Ball, location: 2F 0-2: Ball 1-2: SOLO HOME RUN (Flyball, 7D, EV 93.1 MPH), Distance : 373 ft
|
|
Pitching: RHP Jeff Buchanan
|
|
|
Batting: SHB Russ Hudson
|
0-0: Swinging Strike 0-1: Called Strike 0-2: Foul Ball, location: 2F 0-2: Strikes out looking
|
|
Batting: RHB Edward Jones
|
0-0: Called Strike 0-1: Foul Ball, location: 2F 0-2: Foul Ball, location: 2F 0-2: Strikes out swinging
|
| Top of the 7th over - 1 run, 1 hit, 0 errors, 0 left on base; San Francisco (APP) 1 - Billings 11 |
| BOTTOM OF THE 7TH |
|
Billings Mustangs batting - Pitching for San Francisco (APP) Giants : RHP Sam Green
|
|
Batting: RHB Alex de Leon
|
0-0: Ball 1-0: Called Strike 1-1: Ball 2-1: Called Strike 2-2: Foul Ball, location: 2F 2-2: Ball 3-2: Foul Ball, location: 2F 3-2: Base on Balls
|
|
Batting: SHB Jaivata Mohanty
|
0-0: 2-RUN HOME RUN (Flyball, 9D, EV 100.0 MPH), Distance : 391 ft
|
|
Batting: RHB Chris Christaldi
|
0-0: Ball 1-0: Called Strike 1-1: Foul Ball, location: 2F 1-2: Fly out, F7 (Flyball, 78S, EV 92.5 MPH)
|
|
Pitching: RHP Corey Foster
|
|
|
Pinch Hitting: LHB William Matthews
|
0-0: Ball 1-0: Ball 2-0: Ball 3-0: Base on Balls
|
|
Batting: RHB Gabriel Arias
|
0-0: Ball Passed Ball! William Matthews to second 1-0: Fly out, F7 (Flyball, 78M, EV 87.5 MPH)
|
|
Batting: SHB Gustavo Froio
|
0-0: SINGLE (Groundball, 34D, EV 93.8 MPH) William Matthews to third Runner from 3rd tries for Home, SAFE, throw by RF to home
|
|
Batting: RHB Omar Garce
|
0-0: Fielders Choice at 2nd, 5-4 (Groundball, 5, EV 106.9 MPH)
|
| Bottom of the 7th over - 3 runs, 2 hits, 0 errors, 1 left on base; San Francisco (APP) 1 - Billings 14 |
| TOP OF THE 8TH |
|
San Francisco (APP) Giants batting - Pitching for Billings Mustangs : RHP Jeff Buchanan
|
|
Now in LF: William Matthews
|
|
|
Batting: RHB James Jenkins
|
0-0: Fly out, F8 (Flyball, 8RS, EV 76.2 MPH)
|
|
Batting: RHB Danny Estrada
|
0-0: Ball 1-0: Ball 2-0: Called Strike 2-1: Swinging Strike 2-2: Strikes out swinging
|
|
Batting: LHB Randy Monaco
|
0-0: Fly out, F8 (Line Drive, 8LM, EV 86.9 MPH)
|
| Top of the 8th over - 0 runs, 0 hits, 0 errors, 0 left on base; San Francisco (APP) 1 - Billings 14 |
| BOTTOM OF THE 8TH |
|
Billings Mustangs batting - Pitching for San Francisco (APP) Giants : RHP Corey Foster
|
|
Batting: LHB Alex Ramos
|
0-0: Ball 1-0: TRIPLE (Flyball, 89XD, EV 96.2 MPH)
|
|
Batting: RHB Will Trudeau
|
0-0: Ball Wild Pitch! Alex Ramos scores 1-0: Ball 2-0: Ball 3-0: Fly out, F8 (Flyball, 8LS, EV 86.2 MPH)
|
|
Batting: RHB Alex de Leon
|
0-0: Called Strike 0-1: Ball 1-1: Ball 2-1: SINGLE (Flyball, 9LS, EV 90.0 MPH)
|
|
Pitching: RHP Conrad van Gemert
|
|
|
Batting: SHB Jaivata Mohanty
|
0-0: Ball Passed Ball! Alex de Leon to second 1-0: Ball Passed Ball! Alex de Leon to third 2-0: Swinging Strike Passed Ball! Alex de Leon scores 2-1: Ball 3-1: Foul Ball, location: 2F 3-2: Foul Ball, location: 2F 3-2: Base on Balls
|
|
Batting: RHB Chris Christaldi
|
0-0: Ball Passed Ball! Jaivata Mohanty to second 1-0: 2-RUN HOME RUN (Flyball, 7D, EV 94.4 MPH), Distance : 369 ft
|
|
Batting: LHB William Matthews
|
0-0: Foul Ball, location: 2F 0-1: Hit by Pitch
|
|
Batting: RHB Gabriel Arias
|
0-0: Called Strike 0-1: Ball 1-1: SINGLE (Groundball, 6D, EV 98.1 MPH) William Matthews to second
|
|
Batting: SHB Gustavo Froio
|
0-0: SINGLE (Groundball, 34D, EV 108.1 MPH) William Matthews to third Gabriel Arias to second Runner from 3rd tries for Home, SAFE, throw by RF to home
|
|
Batting: RHB Omar Garce
|
0-0: Fly out, F8 (Flyball, 78M, EV 91.9 MPH)
|
|
Batting: LHB Alex Ramos
|
0-0: Swinging Strike 0-1: 3-RUN HOME RUN (Flyball, 9D, EV 96.2 MPH), Distance : 378 ft
|
|
Batting: RHB Will Trudeau
|
0-0: Called Strike 0-1: Ball 1-1: Ball 2-1: Foul Ball, location: 2F 2-2: Foul Ball, location: 2F 2-2: Ball 3-2: Base on Balls
|
|
Batting: RHB Alex de Leon
|
0-0: DOUBLE (Line Drive, 89XD, EV 102.5 MPH) Will Trudeau to third Runner from 3rd tries for Home, SAFE, throw by CF to home
|
|
Batting: SHB Jaivata Mohanty
|
0-0: Ball 1-0: Ball Passed Ball! Alex de Leon to third 2-0: Ball Passed Ball! Alex de Leon scores 3-0: Base on Balls
|
|
Batting: RHB Chris Christaldi
|
0-0: Ball 1-0: Called Strike 1-1: Ball 2-1: Foul Ball, location: 2F 2-2: Ball 3-2: Foul Ball, location: 2F 3-2: Foul Ball, location: 2F 3-2: Base on Balls Jaivata Mohanty to second
|
|
Pinch Hitting: LHB Jose Cruz
|
0-0: Fly out, F4 (Popup, 4, EV 81.9 MPH)
|
| Bottom of the 8th over - 10 runs, 7 hits, 0 errors, 2 left on base; San Francisco (APP) 1 - Billings 24 |
| TOP OF THE 9TH |
|
San Francisco (APP) Giants batting - Pitching for Billings Mustangs : RHP Jeff Buchanan
|
|
Now in LF: Jose Cruz
|
|
|
Batting: RHB Sean Gilbert
|
0-0: SOLO HOME RUN (Flyball, 8RXD, EV 104.4 MPH), Distance : 425 ft
|
|
Batting: SHB Michael Woodard
|
0-0: Ground out 5-3 (Groundball, 5S, EV 88.8 MPH)
|
|
Batting: RHB Jonathan Hemsley
|
0-0: Ball 1-0: Called Strike 1-1: Swinging Strike 1-2: Ball 2-2: Ball 3-2: Base on Balls
|
|
Pitching: LHP Gabe Alcantara
|
|
|
Batting: RHB Rúbem Trancoso
|
0-0: Foul Ball, location: 2F 0-1: Fly out, F4 (Popup, 34, EV 76.2 MPH)
|
|
Batting: SHB Russ Hudson
|
0-0: Foul Ball, location: 2F 0-1: Foul Ball, location: 2F 0-2: Ball 1-2: Ball 2-2: Strikes out swinging
|
| Top of the 9th over - 1 run, 1 hit, 0 errors, 1 left on base; San Francisco (APP) 2 - Billings 24 |
|